 Dungeon Crawl Stone Soup version 0.30-a0-241-g1121274140 (webtiles) character file.

Game seed: 11789237670370375492

30 jcs112 the Ruffian (level 3, 36/36 HPs)
             Began as a Troll Berserker on Oct 10, 2022.
             Was a Follower of Trog.
             Quit the game on level 1 of the Dungeon.
             The game lasted 00:06:56 (578 turns).

jcs112 the Ruffian (Troll Berserker)                 Turns: 578, Time: 00:06:56

Health: 36/36      AC:  4    Str: 25    XL:     3   Next: 5%
Magic:  2/2        EV: 10    Int:  5    God:    Trog [*.....]
Gold:   68         SH:  0    Dex:  9    Spells: 2/2 levels left

rFire   . . .      SeeInvis .      - Unarmed
rCold   . . .      Faith    .    (no shield)
rNeg    . . .      Spirit   .    a - +0 animal skin
rPois   .          Reflect  .    (helmet restricted)
rElec   .          Harm     .    (no cloak)
rCorr   .          Rampage  .    (gloves unavailable)
Will    .....                    (boots unavailable)
Stlth   +.........               (no amulet)
HPRegen 1.06/turn                (no ring)
MPRegen 0.08/turn                (no ring)

@: no status effects
A: large, unfitting armour, claws 3, regeneration 1, shaggy fur 1, tough skin 1
a: Renounce Religion, Berserk


You were on level 1 of the Dungeon.
You worshipped Trog.
Trog was aware of your devotion.
You visited 1 branch of the dungeon, and saw 1 of its levels.

You collected 68 gold pieces.

Inventory:

Hand Weapons
 b - a +0 club
Armour
 a - a +0 animal skin (worn)
 c - a +0 scale mail
Scrolls
 e - 2 scrolls of identify {unknown}
 f - a scroll of teleportation {unknown}
Potions
 d - 2 potions of resistance {unknown}


   Skills:
 + Level 2.6 Fighting
 * Level 0.5 Armour
 - Level 2.6 Dodging
 + Level 3.4 Unarmed Combat
 * Level 0.6 Necromancy


You had 2 spell levels left.
You didn't know any spells.
Your spell library contained the following spells:

 Spells                   Type           Power      Damage    Failure   Level
 Portal Projectile        Hex/Tloc       0%         N/A       85%         3
 Tukima's Dance           Hex            0%         N/A       85%         3
 Animate Dead             Necr           0%         N/A       99%         4
 Blade Hands              Tmut           0%         N/A       100%        5
 Borgnjor's Vile Clutch   Necr/Erth      0%         N/A       100%        5
 Death Channel            Necr           0%         N/A       100%        6


Dungeon Overview and Level Annotations

Branches:
Dungeon (1/15)

Altars:


Innate Abilities, Weirdness & Mutations

You are too large for most types of armour.
You have claws for hands.
Your natural rate of healing is unusually fast.
You are covered in fur. (AC +1)
You have tough skin. (AC +1)


Message History

You feel clever. x2; You feel stronger.
Things that are here:
a +0 short sword; 2 stones; a kobold corpse A bat comes into view.
Found 11 gold pieces.
You see here 11 gold pieces.
The bat hits you. The bat hits you but does no damage.
The bat completely misses you. The bat completely misses you.
The bat hits you but does no damage. The bat hits you but does no damage.
You barely miss the bat. The bat hits you but does no damage. x3
You barely miss the bat. The bat hits you but does no damage. The bat hits you.
The bat hits you but does no damage. The bat closely misses you.
You closely miss the bat. The bat completely misses you.
The bat barely misses you. x2
You barely miss the bat. The bat hits you but does no damage.
You barely miss the bat. The bat barely misses you.
The bat hits you but does no damage. The bat hits you.
You miss the bat. The bat hits you but does no damage. x2
The bat barely misses you.
You barely miss the bat. The bat hits you but does no damage.
The bat barely misses you.
You scratch the bat.
The bat is severely wounded.
The bat barely misses you. The bat closely misses you.
You claw the bat!
You kill the bat!
Trog accepts your kill.
Trog does not appreciate your training of magic skills!
You feel a little guilty.
Unknown command.
You now have 68 gold pieces (gained 11).
Unknown command.
Unknown command.
Unknown command.
Unknown command.
Unknown command.
Are you sure you want to abandon this character and quit the game? (Confirm with "yes".)

#..........#
#######..#.#..#######
....................#
########.........##.#
##..###...##.# #..#
##.###.# #..####.#
#.# #..##...# #.#
#..##..@# #.#
..##...# #)# #
..###.## #.# ## #..#
#.# .# # #.## #.#
.####.# #.##.#####.#
......# #......†...#
..#.### ####.#######
..#.# #.#


There were no monsters in sight!

Vanquished Creatures
  A dart slug (D:1)
  5 bats (D:1)
  2 endoplasms (D:1)
  2 giant cockroaches (D:1)
  A goblin (D:1)
  2 hobgoblins (D:1)
  5 kobolds (D:1)
  A quokka (D:1)
  6 ball pythons (D:1)
  A frilled lizard (D:1)
26 creatures vanquished.

Notes
Turn   | Place    | Note
-------+----------+-------------------------------------------
     0 | D:1      | jcs112 the Troll Berserker began the quest for the Orb.
     0 | D:1      | Reached XP level 1. HP: 22/22 MP: 0/0
    86 | D:1      | Reached XP level 2. HP: 29/29 MP: 1/1
   299 | D:1      | Found a faded altar of an unknown god.
   532 | D:1      | Reached XP level 3. HP: 36/36 MP: 2/2
   578 | D:1      | Quit the game

Illustrated notes

Levels and vault maps discovered:
D:1:      lightli_arrival_quake, layout_loops_ring,
          nicolae_ecumenical_snake_handling, hangedman_decor_peaks_small,
          minmay_surrounded

Action                   || total
-------------------------++-------
Melee: Unarmed           ||    59
       Punch             ||     1
Armor: Animal skin       ||    50
Dodge: Dodged            ||    63

Table legend: (Time is in decaauts)
 A = Elapsed time spent in this place.
 B = Non-inter-level travel time spent in this place.
 C = Inter-level travel time spent in this place.
 D = Time resting spent in this place.
 E = Time spent auto-exploring this place.
 F = Levels seen in this place.
 G = Mean time per level.
                   A        B        C        D        E       F      G
               +--------+--------+--------+--------+--------+-----+--------+
         Total |    574 |    574 |      0 |      0 |      0 |   1 |  574.0 |
       Dungeon |    574 |    574 |      0 |      0 |      0 |   1 |  574.0 |
               +--------+--------+--------+--------+--------+-----+--------+

Top non-repeatable levels by time:
     D:1: 574 daAuts
